 Dungeon Crawl Stone Soup version 0.29-a0-284-gf9362112df (webtiles) character file.

Game seed: 1126503844787010954

2459 bande the Chopper (level 9, -11/55 HPs)
             Began as a Gargoyle Fighter on Mar 17, 2022.
             Mangled by an orc warrior
             ... wielding a +0 battleaxe
              (14 damage)
             ... on level 6 of the Dungeon on Mar 21, 2022.
             The game lasted 00:13:01 (9078 turns).

bande the Chopper (Gargoyle Fighter)                Turns: 9078, Time: 00:13:01

Health: -11/55     AC: 17    Str: 19 (21) XL:     9   Next: 50%
Magic:  9/9        EV: 13    Int:  5 (8)  God:
Gold:   300        SH:  7    Dex: 17 (19) Spells: 8/8 levels left

rFire   . . .      SeeInvis .   a - +0 war axe
rCold   . . .      Faith    .   c - +1 buckler
rNeg    + . .      Spirit   .   n - +3 scale mail {rPois}
rPois   ∞          Reflect  .   j - +0 hat
rElec   +          Harm     .   (no cloak)
rCorr   .          Rampage  .   (no gloves)
Will    .....                   (no boots)
Stlth   ..........              (no amulet)
HPRegen 0.18/turn               i - +4 ring of evasion
MPRegen 0.11/turn               h - +6 ring of dexterity

@: brilliant, slowed, very slow
A: sickness immunity, AC +6, negative energy resistance 1, electricity
resistance, torment resistance 1, petrification resistance
a: no special abilities


You were on level 6 of the Dungeon.
You visited 1 branch of the dungeon, and saw 6 of its levels.

You collected 300 gold pieces.

Inventory:

Hand Weapons
 a - a +0 war axe (weapon)
 b - a +2 flail of venom
 l - a +0 flail
 m - the +5 mace of Terror {freeze, Contam rN+ Will+}
   (You found it on level 2 of the Dungeon)

   It freezes those it strikes, dealing additional cold damage.
   It can also slow down cold-blooded creatures.
   rN:        It protects you from negative energy.
   Contam:    It causes magical contamination when unequipped.
   Will:      It increases your willpower.
Missiles
 e - a throwing net (quivered)
Armour
 c - a +1 buckler (worn)
 j - a +0 hat (worn)
 n - a +3 scale mail of poison resistance (worn)
Jewellery
 h - a +6 ring of dexterity (right hand)
 i - a +4 ring of evasion (left hand)
 p - a ring of protection from cold
Wands
 s - a wand of polymorph (10)
Scrolls
 f - a scroll of magic mapping
Potions
 d - a potion of might
 g - 2 potions of flight
 k - 2 potions of haste


   Skills:
 + Level 6.1 Fighting
 + Level 7.8 Axes
 + Level 7.2 Armour
 + Level 5.4 Shields
 * Level 3.4 Evocations


You had 8 spell levels left.
You didn't know any spells.
Your spell library contained the following spells:

 Spells                   Type           Power      Damage    Failure   Level
 Magic Dart               Conj           0%         1d3       88%         1
 Call Imp                 Summ           0%         N/A       95%         2
 Frozen Ramparts          Ice            0%         1d2       99%         3
 Gell's Gravitas          Tloc           0%         N/A       99%         3
 Mephitic Cloud           Conj/Pois/Air  0%         N/A       99%         3
 Teleport Other           Tloc           0%         N/A       99%         3
 Ice Form                 Ice/Tmut       0%         N/A       100%        4
 Summon Ice Beast         Ice/Summ       0%         N/A       100%        4
 Dispersal                Tloc           0%         N/A       100%        6


Dungeon Overview and Level Annotations

Branches:
Dungeon (6/15)
 Temple: D:4-7

Altars:
Dithmenos
Nemelex Xobeh
Trog
Yredelemnul

Shops:
D:4 :


Innate Abilities, Weirdness & Mutations

You are immune to sickness and miasma.
Your stone body is resilient. (AC +6)
You are immune to poison.
You resist negative energy. (rN+)
You are resistant to electric shocks. (rElec)
You are resistant to unholy torment.
You are immune to petrification.


Message History

You slash the orc!
You kill the orc!
The orc warrior closely misses you. The wraith closely misses you.
The sky beast closely misses you.
You closely miss the wraith.
The wraith is heavily damaged.
You slash the orc!
You kill the orc!
You hit the orc priest. You hit the orc warrior. You barely miss the sky beast.
You block the orc warrior's attack. You block the orc priest's attack.
The sky beast barely misses you. The wraith hits you.
The wraith drains your vigour!
You feel as though you will be slow longer.
The orc priest hits you but does no damage.
The wraith barely misses you.
The orc warrior hits you but does no damage.
The sky beast hits you but does no damage.
You closely miss the orc priest.
The orc priest is moderately wounded.
You barely miss the orc warrior. You hit the sky beast. You slash the wraith!
The orc warrior hits you with a +0 battleaxe!
* * * LOW HITPOINT WARNING * * *
The orc priest hits you but does no damage.
The sky beast flickers out of sight!
Deactivating autopickup; reactivate with Ctrl-A.
Something hits you but does no damage. The wraith hits you.
* * * LOW HITPOINT WARNING * * *
The orc priest barely misses you. The wraith closely misses you.
You block the orc warrior's attack.
A sky beast appears from thin air!
Reactivating autopickup.
The sky beast closely misses you.
It was a potion of brilliance.
You feel clever all of a sudden. You block the orc warrior's attack.
The wraith hits you but does no damage. The sky beast misses you.
The orc priest closely misses you.
It was a potion of degeneration.
There was something very wrong with that liquid.
You feel weakened.
You feel dopey.
You feel clumsy.
The orc warrior hits you with a +0 battleaxe!
You die...

.# ..# ### ....
##.# #....
#..###.....
#..........
####o)).......
###..o@W........
##.#....Y.#......
##.........##.(...
#.........## #....
##........### ....
#...†....... ...
##...†...... ..
###.#....#.
##(..##.....


You could see a wraith, an orc warrior, a sky beast and an orc priest.

Vanquished Creatures
  Pikel (D:5)
  Grinder (D:5)
  Eustachio (D:4)
  Menkaure (D:4)
  Edmund (D:5)
  2 sky beasts (D:5)
  An orc warrior (D:5)
  A phantom (D:5)
  A kobold brigand (D:6)
  A bullfrog (D:6)
  2 necrophages (D:5)
  A scorpion (D:6)
  4 killer bees (D:5)
  3 orc priests
  2 hounds
  A jelly (D:6)
  Jessica (D:3)
  2 iguanas (D:5)
  4 orc wizards
  Natasha (thrice) (D:2)
  4 adders
  A white imp (D:5)
  An ufetubus (D:5)
  4 worms
  2 dart slugs (D:1)
  15 orcs
  8 ball pythons
  7 bats
  9 endoplasms
  2 giant cockroaches (D:1)
  7 goblins
  5 hobgoblins
  8 jackals
  8 kobolds
  4 quokkas
  4 frilled lizards
  11 rats
134 creatures vanquished.

Notes
Turn   | Place    | Note
-------+----------+-------------------------------------------
     0 | D:1      | bande the Gargoyle Fighter began the quest for the Orb.
     0 | D:1      | Reached XP level 1. HP: 14/14 MP: 1/1
   372 | D:1      | Reached XP level 2. HP: 19/19 MP: 2/2
   963 | D:1      | Reached XP level 3. HP: 23/23 MP: 3/3
  2127 | D:2      | Noticed Natasha
  2133 | D:2      | Killed Natasha
  2134 | D:2      | Reached XP level 4. HP: 19/29 MP: 4/4
  2417 | D:2      | Reached XP level 5. HP: 10/33 MP: 5/5
  3401 | D:2      | Identified the +5 mace of Terror {freeze, Contam rN+ Will+}
  3415 | D:2      | Noticed Natasha
  3426 | D:2      | Killed Natasha
  4067 | D:2      | Noticed Natasha
  4086 | D:2      | Killed Natasha
  4495 | D:3      | Reached XP level 6. HP: 36/38 MP: 6/6
  4864 | D:3      | Found a faded altar of an unknown god.
  4868 | D:3      | Found a basalt altar of Yredelemnul.
  5041 | D:3      | Noticed Jessica
  5048 | D:3      | Killed Jessica
  5436 | D:4      | Found a shadowy altar of Dithmenos.
  5523 | D:4      | Noticed an orc warrior
  5540 | D:5      | Entered Level 5 of the Dungeon
  5540 | D:5      | Noticed a sky beast
  5547 | D:5      | Killed a sky beast
  5968 | D:5      | Killed an orc warrior
  5969 | D:5      | Reached skill level 5 in Armour
  5969 | D:5      | Reached XP level 7. HP: 15/44 MP: 7/7
  6297 | D:4      | Noticed Eustachio
  6329 | D:4      | Killed Eustachio
  6330 | D:4      | Reached skill level 5 in Axes
  6625 | D:4      | Found Lebopn's Book Boutique.
  6778 | D:4      | Noticed a moth of wrath
  6781 | D:4      | Found a bloodstained altar of Trog.
  6781 | D:4      | Noticed Menkaure
  6820 | D:4      | Killed Menkaure
  6828 | D:4      | Reached XP level 8. HP: 39/48 MP: 8/8
  7342 | D:5      | Noticed Pikel
  7368 | D:5      | Killed Pikel
  7369 | D:5      | Reached skill level 5 in Fighting
  7369 | D:5      | Reached skill level 1 in Evocations
  7784 | D:5      | Noticed Edmund
  7800 | D:5      | Killed Edmund
  7801 | D:5      | Reached skill level 5 in Shields
  8118 | D:5      | Noticed Grinder
  8125 | D:5      | Paralysed by Grinder for 4 turns
  8137 | D:5      | Killed Grinder
  8138 | D:5      | Reached XP level 9. HP: 31/55 MP: 9/9
  8778 | D:5      | Found a sparkling altar of Nemelex Xobeh.
  9076 | D:6      | HP: 2/55 [wraith (4)]
  9078 | D:6      | Mangled by an orc warrior

Illustrated notes

Levels and vault maps discovered:
D:1:      minmay_arrival_widening_spiral_wide, layout_basic, serial_glass,
          glass_columns_b, glass_columns_b, glass_columns_a, glass_columns_a,
          item_on_display_a, due_unseen_surprise, item_on_display_a,
          item_on_display_a
D:2:      cheibrodos_pilgrimage, layout_basic, uniq_natasha
D:3:      layout_basic, nicolae_overflow_ecumenical_swirl, st_stairs_3,
          uniq_jessica
D:4:      layout_loops_ring, mainiacjoe_overflow_paths, tgw_trog, serial_shops,
          nicolae_square_shop, uniq_menkaure, uniq_eustachio
D:5:      layout_loops_ring, nemelex_diamond_rough_becter, uniq_grinder,
          uniq_pikel, uniq_edmund
D:6:      layout_cave_pools, mainiacjoe_overflow_brackets, kennysheep_nub,
          minmay_unpleasant_kobolds

Skill      XL: |  1  2  3  4  5  6  7  8  9 |
---------------+----------------------------+-----
Axes           | 2 3 4 5 7 |  7.8
Armour         | 4 5 6 7 |  7.2
Shields        | 4 5 |  5.4
Fighting       | 4 5 6 |  6.1
Evocations     | 2 3 |  3.4

Action                   |  1- 3 |  4- 6 |  7- 9 || total
-------------------------+-------+-------+-------++-------
Melee: War axe           |    82 |   173 |   211 ||   466
  Use: Scroll            |     5 |     5 |     3 ||    13
       Potion            |       |     1 |     4 ||     5
Armor: Scale mail        |    35 |    87 |    72 ||   194
       Chain mail        |       |       |    19 ||    19
Dodge: Dodged            |    45 |   132 |   113 ||   290
Block: Buckler           |    20 |    53 |    73 ||   146

Table legend: (Time is in decaauts)
 A = Elapsed time spent in this place.
 B = Non-inter-level travel time spent in this place.
 C = Inter-level travel time spent in this place.
 D = Time resting spent in this place.
 E = Time spent auto-exploring this place.
 F = Levels seen in this place.
 G = Mean time per level.
                   A        B        C        D        E       F      G
               +--------+--------+--------+--------+--------+-----+--------+
         Total |   9240 |   9124 |    116 |   3387 |   3886 |   6 | 1540.0 |
       Dungeon |   9240 |   9124 |    116 |   3387 |   3886 |   6 | 1540.0 |
               +--------+--------+--------+--------+--------+-----+--------+

Top non-repeatable levels by time:
     D:2: 2908 daAuts
     D:5: 2547 daAuts
     D:1: 1628 daAuts
     D:4: 1134 daAuts
     D:3: 904 daAuts
     D:6: 116 daAuts
